 Dungeon Crawl Stone Soup version 0.24.0-28-g17ded55e90 (webtiles) character file.

Game seed: 10870861350425244249, levelgen mode: deterministic

7 Edwards80 the Sneak (level 1, -1/10 HPs)
             Began as a Felid Wanderer on Nov 11, 2019.
             Slain by a frilled lizard (3 damage)
             ... on level 1 of the Dungeon.
             The game lasted 00:01:08 (182 turns).

Edwards80 the Sneak (Felid Wanderer)                 Turns: 182, Time: 00:01:09

Health: -1/10      AC:  1    Str:  9    XL:     1   Next: 91%
Magic:  2/2        EV: 16    Int: 12    God:
Gold:   9          SH:  0    Dex: 15    Spells: 0/0 levels left
                                        Lives:  0   Deaths: 0

rFire    . . .     SeeInvis +     - Unarmed
rCold    . . .     Gourm    .   (shield unavailable)
rNeg     . . .     Faith    .   (armour unavailable)
rPois    .         Spirit   .   (helmet unavailable)
rElec    .         Reflect  .   (cloak unavailable)
rCorr    .         Harm     .   (gloves unavailable)
MR       .....                  (boots unavailable)
Stlth    +++.......             (no amulet)
HPRegen  0.03/turn              (no ring)
MPRegen  0.08/turn              (no ring)

@: quick
A: very small, no armour, no weapons or thrown items, stealth, claws 1, fangs 3,
see invisible, carnivore, speed 1, shaggy fur 1, slow metabolism 1, sharp paws
a: no special abilities


You were on level 1 of the Dungeon.
You were not hungry.

You visited 1 branch of the dungeon, and saw 1 of its levels.

You collected 9 gold pieces.

Inventory:

Jewellery
 e - a +4 ring of strength {unknown}
Potions
 a - a potion of haste
 b - a potion of heal wounds
 c - a potion of curing
 d - a potion of lignification
Comestibles
 f - a ration


   Skills:
 - Level 3.0 Fighting
 - Level 1.3 Dodging
 - Level 5.3 Stealth
 + Level 2.7 Unarmed Combat


You couldn't memorise any spells.
You didn't know any spells.
Your spell library was empty.

Dungeon Overview and Level Annotations

Branches:
Dungeon (1/15)

Altars:


Innate Abilities, Weirdness & Mutations

You cannot wear armour.
You are incapable of wielding weapons or throwing items.
Your paws allow you to move quietly. (Stealth)
You have sharp claws.
You have razor-sharp teeth.
You have supernaturally acute eyesight. (SInv)
You are carnivorous and can eat meat at any time.
You cover ground quickly.
You are covered in fur. (AC +1)
You have a slow metabolism.
Your sharp claws are effective at attacking unaware monsters.


Message History

The giant cockroach bites you but does no damage.
You scratch the giant cockroach.
You kill the giant cockroach!
The frilled lizard hisses angrily.
The dart slug launches a dart at you. The slug dart hits you.
Ouch! That really hurt!
The dart slug launches a dart at you. The slug dart misses you.
You scratch the dart slug.
The dart slug is lightly wounded.
The dart slug misses you.
You scratch the dart slug.
The dart slug is moderately wounded.
The dart slug bites you.
* * * LOW HITPOINT WARNING * * *
You scratch the dart slug but do no damage.
The dart slug is moderately wounded.
The frilled lizard bites you.
You die...

######.#####.##..#.##...
.............).....>##...
#####+#######.##..####...
....... #.......#....
....... ####.##.#....
.......######.##.#....
...###+####.......##......
......†.l....≈....####....
##......w@....≈≈..........
#............≈≈≈≈.......≈
#.............≈≈≈≈≈...≈≈≈
#.............≈≈≈≈≈≈.≈≈≈≈
...........!....≈≈≈≈≈≈≈≈≈≈
#...............≈≈≈.....≈≈
#..###+#........≈≈.......≈
#......≈≈≈≈...<...≈
≈≈≈≈≈.....≈≈


You could see a dart slug and a frilled lizard.

Vanquished Creatures
  A dart slug (D:1)
  A giant cockroach (D:1)
  A kobold (D:1)
  2 frilled lizards (D:1)
  A rat (D:1)
6 creatures vanquished.

Notes
Turn   | Place    | Note
-------+----------+-------------------------------------------
     0 | D:1      | Edwards80 the Felid Wanderer began the quest for the Orb.
     0 | D:1      | Edwards80 set off with the following items: a potion of
                  | haste, a potion of heal wounds, a potion of curing, a
                  | potion of lignification, a ration
     0 | D:1      | Reached XP level 1. HP: 10/10 MP: 2/2
   182 | D:1      | Slain by a frilled lizard

Levels and vault maps discovered:
D:1:      onia_arrival_pentagram, layout_basic, lemuel_flame_loot_1

Action                   || total
-------------------------++-------
Melee: Unarmed           ||    16
 Stab: Sleeping          ||     3
Armor: Skin              ||     2
Dodge: Dodged            ||     8
